 Dungeon Crawl Stone Soup version 0.31-a0-1626-g5cb510d322 (webtiles) character file.

Game seed: 10773644416404180539

2678 keekatzer the Toxicologist (level 9, -1/55 HPs)
             Began as a Kobold Alchemist on Jan 13, 2024.
             Was an Initiate of Gozag.
             Slain by a fire elemental (9 damage)
             ... summoned by a deep elf pyromancer
             ... on level 7 of the Dungeon.
             The game lasted 01:06:12 (6658 turns).

keekatzer the Toxicologist (Kobold Alchemist)       Turns: 6658, Time: 01:06:12

Health: -1/55      AC:  6    Str:  5    XL:     9   Next: 95%
Magic:  1/13       EV: 18    Int: 21    God:    Gozag
Gold:   332        SH:  0    Dex: 15    Spells: 0/14 levels left

rFire   . . .        O - +1 long sword (heavy)
rCold   . . .        (no shield)
rNeg    . . .        P - +0 steam dragon scales
rPois   .            (no helmet)
rElec   .            d - scarf {repulsion}
rCorr   .            L - +0 pair of gloves
SInv    +            (no boots)
Will    .....        (no amulet)
Stlth   ++++         r - ring of see invisible
HPRegen 0.29/turn    (no ring)
MPRegen 0.13/turn

%: repel missiles, clarity
@: no status effects
A: small, no large weapons, nightstalker 3, clarity, screaming 1
a: Renounce Religion, Potion Petition, Call Merchant, Bribe Branch


You were on level 7 of the Dungeon.
You worshipped Gozag.
Gozag was aware of your devotion.
You visited 2 branches of the dungeon, and saw 8 of its levels.

You collected 502 gold pieces.
You paid 170 gold pieces to Gozag.

Inventory:

Hand Weapons
 x - a +2 quarterstaff of speed
 y - a +2 hand axe of venom
 D - a +1 dagger of holy wrath
 E - a +0 shortbow
 F - a +0 rapier
 G - a +0 whip of distortion
 K - a +0 orcbow
 O - a +1 heavy long sword (weapon)
Missiles
 o - 9 poisoned darts (quivered)
 B - 6 boomerangs
 C - 3 atropa-tipped darts
 N - 2 curare-tipped darts
Armour
 d - a scarf of repulsion (worn)
 h - a +0 leather armour
 L - a +0 pair of gloves (worn)
 P - +0 steam dragon scales (worn)
Jewellery
 r - a ring of see invisible (left hand)
 M - a ring of ice
Wands
 c - a wand of mindburst (5)
 I - a wand of iceblast (4)
 J - a wand of flame (9)
Scrolls
 e - a scroll of fog {unknown}
 f - a scroll of blinking
 i - a scroll of teleportation {unknown}
 m - 2 scrolls of identify {unknown}
 n - a scroll of immolation {unknown}
 w - a scroll of enchant weapon {unknown}
 A - a scroll of amnesia {unknown}
 H - 2 scrolls of poison {unknown}
Potions
 b - a potion of magic
 g - a potion of haste {unknown}
 j - a potion of brilliance
 k - 4 potions of mutation
 p - a potion of lignification {unknown}
 q - 2 potions of berserk rage {unknown}
 s - 2 potions of might {unknown}
 t - a potion of invisibility {unknown}
 u - 2 potions of attraction {unknown}
 v - a potion of enlightenment {unknown}
 z - 2 potions of heal wounds {unknown}


   Skills:
 + Level 6.1 Fighting
 + Level 7.0 Dodging
 - Level 5.0 Stealth
 - Level 3.0 Spellcasting
 - Level 1.0 Conjurations
 * Level 2.6 Fire Magic
 - Level 2.0 Air Magic
 * Level 9.1 Alchemy


You couldn't memorise any spells.
You knew the following spells:

 Your Spells              Type           Power      Damage    Failure   Level
a - Sting                 Conj/Alch      96%        1d9       1%          1
b - Mercury Vapours       Alch/Air       52%        N/A       1%          2
c - Mephitic Cloud        Conj/Alch/Air  20%        N/A       8%          3
d - Olgreb's Toxic Radia  Alch           41%        N/A       3%          4
e - Sticky Flame          Fire/Alch      28%        2d7       12%         4

Your spell library contained the following spells:

 Spells                   Type           Power      Damage    Failure   Level
 Static Discharge         Conj/Air       18%        3-4/arc   11%         2
 Lesser Beckoning         Tloc           6%         N/A       21%         2
 Gell's Gravitas          Tloc           3%         N/A       36%         3
 Teleport Other           Tloc           3%         N/A       36%         3
 Airstrike                Air            5%         2d(1-17)  50%         4
 Summon Lightning Spire   Summ/Air       7%         N/A       65%         4
 Ozocubu's Refrigeration  Ice            1%         4d7       100%        7
 Discord                  Hex            1%         N/A       100%        8


Dungeon Overview and Level Annotations

Branches:
Dungeon (7/15)             Temple (1/1) D:7

Altars:
Cheibriados
Elyvilon
Fedhas
Gozag
Hepliaklqana
Kikubaaqudgha
Makhleb
Nemelex Xobeh
Ru
Sif Muna
Trog
Uskayaw
Vehumet
Wu Jian
Xom
Yredelemnul
Zin

Annotations:
D:6 Jeremiah
D:7 zeez's ghost, novice MiBe


Innate Abilities, Weirdness & Mutations

You are small and have problems with some larger weapons.
You are completely attuned to the shadows.
You possess an exceptional clarity of mind.
You occasionally shout uncontrollably at your foes.


Message History

Okay, then.
Throw: 3 darts (curare)
Press: ? - help, Q - select action, (/) - cycle Shift-Dir - straight line, f - deep elf pyromancer
Aim: a deep elf pyromancer, wielding a +0 short sword (lightly wounded, weak, 48% to hit)
You throw a curare-tipped dart.
The curare-tipped dart hits the deep elf pyromancer.
The deep elf pyromancer is poisoned.
The deep elf pyromancer struggles to breathe.
The deep elf pyromancer seems to slow down.
The deep elf pyromancer is lightly wounded.
The fire elemental closely misses you. x4
Throw: 2 darts (curare)
Press: ? - help, Q - select action, (/) - cycle Shift-Dir - straight line, f/p - deep elf pyromancer
Aim: a deep elf pyromancer, wielding a +0 short sword (lightly wounded, very poisoned, slow, weak, 48% to hit)
Okay, then.
Throw: 9 darts (poison)
Press: ? - help, Q - select action, (/) - cycle Shift-Dir - straight line, f/p - deep elf pyromancer
Aim: a deep elf pyromancer, wielding a +0 short sword (lightly wounded, very poisoned, slow, weak, 48% to hit)
Okay, then.
Aiming: Mindburst
Press: ? - help, Shift-Dir - straight line, f/p - deep elf pyromancer
Aim: a deep elf pyromancer, wielding a +0 short sword (lightly wounded, very poisoned, slow, weak, chance to affect: 47%)
The deep elf pyromancer's mind is blasted!
The fire elemental barely misses you. The fire elemental closely misses you.
The deep elf pyromancer misses you.
Aiming: Mindburst
Press: ? - help, Shift-Dir - straight line, f/p - deep elf pyromancer
Aim: a deep elf pyromancer, wielding a +0 short sword (heavily wounded, very poisoned, slow, weak, chance to affect: 47%)
The deep elf pyromancer resists with some effort.
The fire elemental closely misses you. x2
Unknown command.
Aiming: Mindburst
Press: ? - help, Shift-Dir - straight line, f/p - deep elf pyromancer
Aim: a deep elf pyromancer, wielding a +0 short sword (heavily wounded, very poisoned, slow, weak, chance to affect: 47%)
The deep elf pyromancer's mind is blasted!
The fire elemental hits you. The fire elemental burns you!
* * * LOW HITPOINT WARNING * * *
The fire elemental hits you. The fire elemental burns you!
You die...
Your body crumbles into a pile of gold.

.....#........
.......### )....#.#
#......# ##...#.
⌠#...# ##... ### #####
### . ♣♣@♣♣♣$$|♣♣♣.♣♣
♣.
.♣#♣EEe♣.~~~.♣.~.♣#♣.♣
♣...~~~.#~~~#§~~~...♣♣
.♣#♣.~.♣.~e~§♣.~.♣#♣)♣
♣♣.♣♣♣|.$♣♣♣.♣♣ ♣♣. ##
########## #.
♣.).♣♣...♣♣♣♣.
♣..♣♣♣).♣♣♣.♣♣.. ♣.
♣..♣ ♣..)..


You could see a deep elf pyromancer (very poisoned, slow, weak) and 2 fire
elementals.

Vanquished Creatures
  Joseph (D:7)
  Maggie (D:7)
  A vampire mosquito (D:7)
  A sky beast (D:7)
  An orc warrior (D:7)
  2 ogres (D:7)
  A centaur (D:5)
  3 phantoms
  5 bullfrogs
  A kobold brigand (D:7)
  A bombardier beetle (D:6)
  A howler monkey (D:6)
  3 jellies
  6 orc priests
  2 hounds
  Jessica (D:3)
  5 iguanas
  6 orc wizards
  A gnoll (D:1)
  9 adders
  A white imp (D:5)
  An ufetubus (D:7)
  3 dart slugs
  A ribbon worm (D:2)
  24 orcs
  2 ball pythons
  6 bats
  8 endoplasms
  6 giant cockroaches
  5 goblins
  4 hobgoblins
  12 jackals
  4 quokkas
  3 frilled lizards
  11 kobolds
  5 rats
148 creatures vanquished.

Notes
Turn   | Place    | Note
-------+----------+-------------------------------------------
     0 | D:1      | keekatzer the Kobold Alchemist began the quest for the Orb.
     0 | D:1      | Reached XP level 1. HP: 10/10 MP: 3/3
   151 | D:1      | Reached skill level 1 in Fighting
   415 | D:1      | Reached XP level 2. HP: 17/17 MP: 1/5
   477 | D:1      | Learned a level 2 spell: Mercury Vapours
   489 | D:1      | Reached XP level 3. HP: 18/21 MP: 0/6
   841 | D:2      | Learned a level 3 spell: Mephitic Cloud
   964 | D:2      | Reached skill level 1 in Air Magic
  1038 | D:2      | Found a white marble altar of Elyvilon.
  1054 | D:2      | Reached XP level 4. HP: 24/27 MP: 2/7
  1864 | D:3      | Reached skill level 4 in Alchemy
  1864 | D:3      | Reached XP level 5. HP: 31/32 MP: 2/8
  2221 | D:3      | Found a shimmering altar of Xom.
  2580 | D:3      | Noticed Jessica
  2584 | D:3      | Killed Jessica
  2949 | D:4      | Reached XP level 6. HP: 28/37 MP: 2/9
  3654 | D:5      | Entered Level 5 of the Dungeon
  3756 | D:5      | Reached skill level 5 in Alchemy
  3767 | D:5      | Reached XP level 7. HP: 34/41 MP: 0/10
  3860 | D:5      | Learned a level 4 spell: Olgreb's Toxic Radiance
  4033 | D:5      | Gained mutation: You possess an exceptional clarity of
                  | mind. [potion of mutation]
  4033 | D:5      | Gained mutation: You occasionally shout uncontrollably at
                  | your foes. [potion of mutation]
  4036 | D:5      | HP: 2/41 [centaur (1)]
  4042 | D:5      | Reached skill level 5 in Stealth
  4316 | D:5      | Reached skill level 6 in Alchemy
  4367 | D:5      | Found a snail-covered altar of Cheibriados.
  4551 | D:5      | Reached XP level 8. HP: 46/46 MP: 2/11
  5243 | D:6      | Found a faded altar of an unknown god.
  5251 | D:6      | Found an opulent altar of Gozag.
  5251 | D:6      | Found a white marble altar of Elyvilon.
  5252 | D:6      | Found a faded altar of an unknown god.
  5257 | D:6      | Found an ornate altar of the Wu Jian Council.
  5309 | D:6      | Noticed Jeremiah
  5586 | D:6      | Found a hazy altar of Hepliaklqana.
  5711 | D:7      | Noticed zeez's ghost (novice MiBe)
  5731 | D:7      | Reached skill level 5 in Dodging
  5731 | D:7      | Reached skill level 7 in Alchemy
  5957 | D:7      | Found a staircase to the Ecumenical Temple.
  5974 | Temple   | Entered the Ecumenical Temple
  6028 | D:6      | Became a worshipper of Gozag Ym Sagoz the Greedy
  6114 | D:7      | Noticed Joseph
  6128 | D:7      | Killed Joseph
  6129 | D:7      | Reached skill level 5 in Fighting
  6129 | D:7      | Reached skill level 8 in Alchemy
  6129 | D:7      | Reached XP level 9. HP: 38/54 MP: 1/13
  6392 | D:7      | Noticed Maggie
  6415 | D:7      | Killed Maggie
  6439 | D:7      | Learned a level 4 spell: Sticky Flame
  6486 | D:7      | Reached skill level 1 in Fire Magic
  6549 | D:7      | Reached skill level 9 in Alchemy
  6604 | D:7      | Noticed a cyclops
  6641 | D:7      | Noticed a deep elf pyromancer
  6658 | D:7      | Slain by a fire elemental

Illustrated notes

Levels and vault maps discovered:
D:1:      amcnicky_arrival_feature_with_door, layout_loops_cross
D:2:      layout_basic, basic_altar, amcnicky_mini_corridor_feature,
          kennysheep_boxes
D:3:      layout_basic, regret_index_xom_buried_treasure, minmay_fountain_box,
          uniq_jessica
D:4:      layout_loops_cross
D:5:      layout_loops_corners, cheibriados_altar_1
D:6:      layout_loops_ring, mainiacjoe_overflow_cross_hatched,
          chequers_temple_overflow_minitemple, uniq_jeremiah
D:7:      nzn_winding_woodlands_medium [nzn_winding_woodlands_5x5_cross,
          nzn_winding_woodlands_5x15_pool,
          nzn_winding_woodlands_5x5_checkerboard,
          nzn_winding_woodlands_5x5_closed_star,
          nzn_winding_woodlands_center_triple_pond,
          nzn_winding_woodlands_hourglass, nzn_winding_woodlands_5x5_open_star,
          nzn_winding_woodlands_5x15_zeroes, nzn_winding_woodlands_5x5_default],
          layout_basic, minmay_temple_entry_grid,
          hellmonk_ghost_happy_afterlife, chequers_jeans, centaur_isle,
          uniq_maggie, uniq_joseph
Temple:   chequers_temple_sunken

Skill      XL: |  1  2  3  4  5  6  7  8  9 |
---------------+----------------------------+-----
Fighting       | 1 2 3 5 6 |  6.1
Air Magic      | 1 2 |  2.0
Alchemy        | 4 5 6 8 9 |  9.1
Stealth        | 3 4 5 |  5.0
Dodging        | 3 4 6 7 |  7.0
Spellcasting   | 3 |  3.0
Fire Magic     | 2 |  2.6
Conjurations   | |  1.0

Action                     |  1- 3 |  4- 6 |  7- 9 || total
---------------------------+-------+-------+-------++-------
  Melee: Hand axe          |    15 |    29 |    68 ||   112
         Dagger            |     5 |    70 |    17 ||    92
         Punch             |       |     2 |     1 ||     3
         Quarterstaff      |       |       |    12 ||    12
         Long sword        |       |       |     8 ||     8
   Fire: Orcbow            |       |       |     8 ||     8
  Throw: Dart              |       |       |    15 ||    15
   Cast: Sting             |    38 |    76 |    92 ||   206
         Mercury Vapours   |     2 |     4 |    11 ||    17
         Mephitic Cloud    |       |     2 |     6 ||     8
         Olgreb's Toxic Ra |       |       |     6 ||     6
         Sticky Flame      |       |       |     2 ||     2
  Evoke: Wand              |       |       |     8 ||     8
    Use: Potion            |       |       |     3 ||     3
         Scroll            |       |       |     1 ||     1
   Stab: Sleeping          |     1 |    21 |     5 ||    27
         Confused          |       |     4 |     1 ||     5
 Armour: Robe              |    16 |    45 |    52 ||   113
         Steam dragon scal |       |       |    29 ||    29
  Dodge: Dodged            |    23 |    74 |   141 ||   238
         Repelled          |       |     2 |     1 ||     3

Table legend: (Time is in decaauts)
 A = Elapsed time spent in this place.
 B = Non-inter-level travel time spent in this place.
 C = Inter-level travel time spent in this place.
 D = Time resting spent in this place.
 E = Time spent auto-exploring this place.
 F = Levels seen in this place.
 G = Mean time per level.
                   A        B        C        D        E       F      G
               +--------+--------+--------+--------+--------+-----+--------+
         Total |   6700 |   6651 |     49 |   1227 |    308 |   8 |  837.5 |
       Dungeon |   6687 |   6644 |     43 |   1227 |    308 |   7 |  955.3 |
        Temple |     13 |      7 |      6 |      0 |      0 |   1 |   13.0 |
               +--------+--------+--------+--------+--------+-----+--------+

Top non-repeatable levels by time:
     D:3: 1304 daAuts
     D:5: 1247 daAuts
     D:6: 986 daAuts
     D:2: 810 daAuts
     D:1: 799 daAuts
     D:7: 793 daAuts
     D:4: 746 daAuts
  Temple: 13 daAuts
